 Dungeon Crawl Stone Soup version 0.26.1 (webtiles) character file.

Game seed: 15653698526207586829

19161 hawla the Stormcaller (level 12, -12/84 HPs)
             Began as a Black Draconian Conjurer on Feb 4, 2021.
             Was a Believer of Ashenzari.
             Mangled by a two-headed ogre
             ... wielding a +0 giant club
              (13 damage)
             ... on level 13 of the Dungeon.
             The game lasted 00:49:26 (19140 turns).

hawla the Stormcaller (Black Draconian Conjurer)   Turns: 19140, Time: 00:49:27

Health: -12/84     AC: 11    Str: 10    XL:     12   Next: 34%
Magic:  0/25       EV: 13    Int: 22    God:    Ashenzari [**....]
Gold:   678        SH:  6    Dex: 19    Spells: 22/29 levels left

rFire    + . .     SeeInvis .   w - staff of fire
rCold    . . .     Faith    .   y - +0 buckler
rNeg     . . .     Spirit   .   (armour unavailable)
rPois    .         Reflect  .   (helmet restricted)
rElec    +         Harm     .   j - +0 cloak (curse)
rCorr    +         Rampage  .   p - +0 pair of gloves of Ru's Righteous Anger {rElec Will+} (curse)
Will     +....     Clarity  +   (no boots)
Stlth    ++........             (no amulet)
HPRegen  0.24/turn              B - +6 ring of dexterity
MPRegen  0.19/turn              f - ring of resist corrosion

@: no status effects
A: breathe lightning, unfitting armour, agile 1, clarity, shaggy fur 1,
electricity resistance, cold-blooded, AC +8
a: Breathe Lightning, Renounce Religion, Curse Item, Scrying


You were on level 13 of the Dungeon.
You worshipped Ashenzari.
Ashenzari was pleased with you.
You visited 2 branches of the dungeon, and saw 14 of its levels.
You also visited: Bailey.

You collected 1094 gold pieces.
You spent 416 gold pieces at shops.

Inventory:

Missiles
 b - 10 poisoned darts (quivered)
 c - 3 throwing nets
 h - 4 boomerangs
 r - 4 atropa-tipped darts
 s - 4 silver javelins
 t - 4 javelins
Armour
 j - a cursed +0 cloak (worn)
 p - the cursed +0 pair of gloves of Ru's Righteous Anger (worn) {rElec Will+}
   (You bought it in a shop on level 4 of the Dungeon)

   It insulates you from electricity.
   It affects your willpower, your defense against some magical effects.
   It has a curse placed upon it.
 y - a +0 buckler (worn)
Magical Staves
 w - an uncursed staff of fire (weapon)
Jewellery
 a - an uncursed ring of fire
 f - a ring of resist corrosion (right hand)
 z - an uncursed ring of protection from cold
 B - a +6 ring of dexterity (left hand)
Wands
 k - a wand of digging (3)
 q - a wand of random effects (29)
 v - a wand of iceblast (33)
 x - a wand of polymorph (8)
Scrolls
 g - a scroll of fog
 l - 7 scrolls of identify
 m - 2 scrolls of amnesia
 n - 13 scrolls of remove curse
 u - a scroll of teleportation
 C - a scroll of torment {unknown}
Potions
 d - 5 potions of curing
 e - 2 potions of flight
 i - 5 potions of brilliance
 o - 2 potions of heal wounds
 A - a potion of invisibility


   Skills:
 - Level 1.5 Fighting
 - Level 6.0 Staves
 - Level 2.3 Dodging
 - Level 1.9 Stealth
 - Level 4.0 Shields
 - Level 9.0 Spellcasting
 - Level 9.3 Conjurations
 - Level 2.3 Translocations
 + Level 15.8 Air Magic


You had 22 spell levels left.
You knew the following spells:

 Your Spells              Type           Power        Failure   Level
a - Magic Dart            Conj           100%         1%          1
b - Searing Ray           Conj           100%         1%          2
c - Iskenderun's Mystic   Conj/Tloc      35%          6%          4

Your spell library contained the following spells:

 Spells                   Type           Power        Failure   Level
 Dazzling Flash           Conj/Hex       60%          3%          3
 Summon Small Mammal      Summ           36%          7%          1
 Call Imp                 Summ           9%           10%         2
 Fulminant Prism          Conj/Hex       15%          10%         4
 Summon Guardian Golem    Hex/Summ       9%           21%         3
 Starburst                Conj/Fire      22%          83%         6
 Malign Gateway           Summ/Tloc      7%           100%        7


Dungeon Overview and Level Annotations

Branches:
Dungeon (13/15)            Temple (1/1) D:4            Lair (0/6) D:9
    Orc (0/2) D:12         Bailey (visited)
 Vaults: D:13-14

Altars:
Ashenzari
Cheibriados
Dithmenos
Elyvilon
Fedhas
Gozag
Hepliaklqana
Kikubaaqudgha
Makhleb
Nemelex Xobeh
Okawaru
Qazlal
Ru
Sif Muna
Trog
Uskayaw
Vehumet
Wu Jian
Xom
Yredelemnul
Zin
The Shining One

Shops:
D:4 ?[   D:5 [*   D:8 **:?   D:11 }   D:12 ?[!(

Portals:
Trove: D:11 (give +4 shadow dragon scales)


Innate Abilities, Weirdness & Mutations

You can breathe wild blasts of lightning.
Your glossy black scales are hard. (AC +8)
You cannot fit into any form of body armour.
You are resistant to electric shocks. (rElec)
You are cold-blooded and may be slowed by cold attacks.
You are agile. (Dex +2)
You possess an exceptional clarity of mind.
You are covered in fur. (AC +1)


Message History

The poisoned dart barely misses the two-headed ogre.
Casting: Searing Ray (safe; 1% risk of failure)
Confirm with . or Enter, or press ? or * to list all spells.
Aiming: Magic Dart (safe; 1% risk of failure)
Press: ? - help, Shift-Dir - straight line, f/p - two-headed ogre
Aim: a two-headed ogre, wielding two +0 giant clubs (severely wounded, 0% to evade)
The magic dart hits the two-headed ogre but does no damage.
The two-headed ogre is severely wounded.
The two-headed ogre hits you with a +0 giant club!
You block the two-headed ogre's attack.
The orc priest calls down the wrath of Beogh upon you.
Beogh smites you!
Aiming: Random Effects
Press: ? - help, Shift-Dir - straight line, f/p - two-headed ogre
Aim: a two-headed ogre, wielding two +0 giant clubs (severely wounded)
The two-headed ogre seems to speed up.
The two-headed ogre hits you with a +0 giant club!!
* * * LOW HITPOINT WARNING * * *
The two-headed ogre hits you with a +0 giant club!
You die...

#......#...##..###..#,
##'#####............#, *
#...................#,
#...................# ,
#.....).............#,,
, #####+###..##########.
,
#.......#..###......o(*
#.......#....'....((..
#.......'....#@O†)...(+
*
###.......##+###....((.(
* * **
....................##+#
* ................#####
* ,, ......(......... *
, ................ , ,,
, ................ ** ,,
+#.....#########
*######## #.....# , ,
,,,#<.....#


You could see a two-headed ogre (fast) and an orc priest.

Vanquished Creatures
  A boulder beetle (D:13)
  2 two-headed ogres
  An orc high priest (Bailey)
  An unseen horror (D:12)
  3 cyclopes
  An orc sorcerer (Bailey)
  An ugly thing (D:13)
  Joseph (D:8)
  A komodo dragon (D:13)
  A kobold demonologist (D:12)
  2 trolls (D:12)
  A hornet (D:9)
  A shadow (D:11)
  29 yaks
  4 vampire mosquitoes (D:12)
  The ghost of 0gre the Chiller, an amateur GnIE (D:3)
  2 water moccasins
  An acid dragon (D:13)
  4 ice beasts (D:10)
  A sky beast (D:10)
  10 orc warriors
  2 necrophages
  3 black bears
  6 ogres
  A phantom (D:5)
  5 centaurs
  A big kobold (D:11)
  Blork the orc (D:4)
  6 bullfrogs
  5 scorpions
  29 killer bees
  9 wights
  2 howler monkeys (D:9)
  2 electric eels (Bailey)
  6 bullfrog zombies
  2 centaur zombies
  8 hounds
  2 jellies
  7 orc wizards
  2 bullfrog skeletons
  6 orc priests
  A centaur skeleton (D:6)
  Ijyb (D:5)
  7 iguanas
  11 worker ants
  A killer bee zombie (D:6)
  2 hound zombies
  4 worker ant zombies
  3 gnolls (D:4)
  15 adders
  A shadow imp (D:6)
  4 ufetubi
  2 oozes
  An adder zombie (D:6)
  A worm (D:3)
  4 dart slugs
  4 leopard geckos
  34 orcs
  A ball python (D:3)
  A bat (D:2)
  3 giant cockroaches
  17 goblins
  4 hobgoblins
  19 jackals
  2 quokkas
  5 frilled lizards
  15 kobolds
  A quokka skeleton (D:4)
  A quokka zombie (D:7)
  6 rats
345 creatures vanquished.

Vanquished Creatures (others)
  A gnoll (Bailey)
  10 withered plants (D:6)
11 creatures vanquished.

Grand Total: 356 creatures vanquished

Notes
Turn   | Place    | Note
-------+----------+-------------------------------------------
     0 | D:1      | hawla the Draconian Conjurer began the quest for the Orb.
     0 | D:1      | Reached XP level 1. HP: 14/14 MP: 3/3
   277 | D:1      | Reached XP level 2. HP: 14/20 MP: 0/5
   895 | D:1      | Learned a level 2 spell: Searing Ray
  1116 | D:2      | Reached XP level 3. HP: 26/26 MP: 4/6
  1206 | D:2      | Found a shadowy altar of Dithmenos.
  1209 | D:2      | Found a broken altar of Ashenzari.
  1209 | D:2      | Noticed an orc warrior
  1212 | D:2      | Found a transporter.
  1225 | D:2      | Found a transporter.
  1790 | D:3      | Reached skill level 5 in Conjurations
  1792 | D:3      | Gained mutation: You tend to lose your temper in combat.
                  | [potion of mutation]
  1792 | D:3      | Gained mutation: You are covered in fur. (AC +1) [potion of
                  | mutation]
  2028 | D:3      | Found a runed translucent door.
  2033 | D:3      | Noticed 0gre's ghost (amateur GnIE)
  2279 | D:3      | Reached XP level 4. HP: 33/33 MP: 6/8
  2284 | D:3      | Learned a level 4 spell: Iskenderun's Mystic Blast
  2299 | D:3      | Found a runed translucent door.
  2477 | D:2      | Killed an orc warrior
  2478 | D:2      | Reached skill level 1 in Shields
  2478 | D:2      | Reached skill level 1 in Translocations
  2478 | D:2      | Reached XP level 5. HP: 17/38 MP: 1/9
  2721 | D:2      | Became a worshipper of Ashenzari the Shackled
  2779 | D:4      | Found a white marble altar of Elyvilon.
  2782 | D:4      | Noticed an ogre
  2986 | D:4      | Killed an ogre
  2987 | D:4      | Reached XP level 6. HP: 37/45 MP: 0/11
  3183 | D:3      | Lost mutation: You tend to lose your temper in combat.
                  | [potion of mutation]
  3183 | D:3      | Gained mutation: You occasionally shout uncontrollably at
                  | your foes. [potion of mutation]
  3183 | D:3      | Gained mutation: Your tail ends in a poisonous barb.
                  | [potion of mutation]
  3184 | D:3      | Lost mutation: You occasionally shout uncontrollably at
                  | your foes. [potion of mutation]
  3184 | D:3      | Lost mutation: Your tail ends in a poisonous barb. [potion
                  | of mutation]
  3184 | D:3      | Gained mutation: You possess an exceptional clarity of
                  | mind. [potion of mutation]
  3184 | D:3      | Gained mutation: You are agile. (Dex +2) [potion of
                  | mutation]
  3336 | D:4      | Found Ikius's Antique Armour Emporium.
  3584 | D:4      | Found a staircase to the Ecumenical Temple.
  3611 | Temple   | Entered the Ecumenical Temple
  3738 | D:4      | Your scales start taking on a glossy black colour.
  3738 | D:4      | Reached XP level 7. HP: 50/50 MP: 5/12
  3738 | D:4      | Gained mutation: You are resistant to electric shocks.
                  | (rElec) [Black Draconian growth]
  3915 | D:4      | Found Wexewni's Magic Scroll Boutique.
  3924 | D:4      | Bought a scroll of noise for 13 gold pieces
  3931 | D:4      | Noticed Blork the orc
  3937 | D:4      | Killed Blork the orc
  3938 | D:4      | Reached skill level 1 in Air Magic
  3958 | D:4      | Bought a pair of scorched gloves for 247 gold pieces
  3968 | D:4      | Identified the cursed +0 pair of gloves of Ru's Righteous
                  | Anger {rElec Will+} (You bought it in a shop on level 4 of
                  | the Dungeon)
  3990 | D:5      | Entered Level 5 of the Dungeon
  4229 | D:5      | Noticed Ijyb
  4241 | D:5      | Killed Ijyb
  4242 | D:5      | Reached skill level 2 in Air Magic
  4356 | D:5      | Identified the Papyrus of Creative Flames
  5015 | D:3      | Killed 0gre's ghost
  5331 | D:5      | Found Gozag's Platinum Reserve.
  5331 | D:5      | Found an opulent altar of Gozag.
  5338 | D:5      | Reached XP level 8. HP: 56/57 MP: 5/14
  5407 | D:5      | Found Jotam's Antique Armour Shoppe.
  5498 | D:5      | Reached skill level 3 in Air Magic
  5680 | D:5      | Reached skill level 1 in Staves
  6090 | D:5      | Found a glowing golden altar of the Shining One.
  6090 | D:5      | Found a blossoming altar of Fedhas.
  6093 | D:5      | Found an ornate altar of the Wu Jian Council.
  6097 | D:5      | Found a burning altar of Makhleb.
  6295 | D:6      | Reached skill level 5 in Spellcasting
  6301 | D:5      | Reached skill level 4 in Air Magic
  7416 | D:6      | Reached skill level 5 in Air Magic
  7622 | D:6      | Reached XP level 9. HP: 61/62 MP: 11/17
  7914 | D:7      | Found a flagged portal.
  7927 | Bailey   | Entered a bailey
  8201 | Bailey   | Found an iron altar of Okawaru.
  8201 | Bailey   | Noticed an orc high priest
  8201 | Bailey   | Noticed an orc sorcerer
  8207 | Bailey   | Noticed a red devil
  8207 | Bailey   | Killed an orc sorcerer
  8208 | Bailey   | Reached skill level 6 in Air Magic
  8228 | Bailey   | Killed an orc high priest
  8229 | Bailey   | Reached skill level 7 in Air Magic
  8705 | D:7      | Found a hide-covered altar of Uskayaw.
  8810 | D:7      | Reached skill level 1 in Fighting
  9067 | D:7      | Reached XP level 10. HP: 41/72 MP: 12/20
  9667 | D:4      | Bought a scroll of remove curse for 39 gold pieces
  9749 | D:8      | Found Gavol's Magic Scroll Emporium.
  9755 | D:8      | Bought a scroll of remove curse for 39 gold pieces
  9755 | D:8      | Bought a scroll of remove curse for 39 gold pieces
  9755 | D:8      | Bought a scroll of remove curse for 39 gold pieces
  9796 | D:8      | Reached * piety under Ashenzari
  9817 | D:8      | Noticed Joseph
  9834 | D:8      | Killed Joseph
 10207 | D:8      | Reached skill level 8 in Air Magic
 10475 | D:8      | Found Jidas's Book Shoppe.
 10579 | D:8      | Found Poefuyli's General Store.
 10837 | D:8      | Found Ejaty's Assorted Antiques.
 10841 | D:8      | Reached skill level 9 in Air Magic
 11322 | D:9      | Found a staircase to the Lair.
 11884 | D:8      | Reached skill level 10 in Air Magic
 12750 | D:9      | Reached XP level 11. HP: 48/78 MP: 17/24
 12752 | D:9      | Reached skill level 11 in Air Magic
 13089 | D:10     | Entered Level 10 of the Dungeon
 13836 | D:10     | Found a white marble altar of Elyvilon.
 13912 | D:10     | Reached skill level 12 in Air Magic
 15215 | D:11     | Noticed a two-headed ogre
 15220 | D:11     | Killed a two-headed ogre
 15298 | D:11     | Found Rovori's Gadget Shop.
 15309 | D:11     | Reached skill level 5 in Staves
 15336 | D:11     | Found a portal to a secret trove of treasure.
 15701 | D:11     | Reached skill level 13 in Air Magic
 16289 | D:12     | Reached ** piety under Ashenzari
 16290 | D:12     | Found Dasidill's Distillery.
 16437 | D:12     | Found Xausmos's Antique Armour Emporium.
 16458 | D:12     | Found a staircase to the Orcish Mines.
 16632 | D:12     | Found Tazavud's Antique Weapon Shoppe.
 17142 | D:12     | Found Roypeah's Magic Scroll Shop.
 17219 | D:12     | Killed an unseen horror
 17220 | D:12     | Reached skill level 14 in Air Magic
 17503 | D:12     | Reached XP level 12. HP: 59/84 MP: 10/25
 18402 | D:13     | Reached skill level 15 in Air Magic
 18914 | D:13     | Noticed a two-headed ogre
 18921 | D:13     | Killed a two-headed ogre
 19117 | D:13     | Noticed a boulder beetle
 19127 | D:13     | Noticed a two-headed ogre
 19133 | D:13     | Killed a boulder beetle
 19140 | D:13     | HP: 1/84 [two-headed ogre/+0 giant club (31)]
 19140 | D:13     | Mangled by a two-headed ogre

Illustrated notes

Levels and vault maps discovered:
D:1:      beargit_arrival_greenhouse, layout_rooms
D:2:      layout_loops_cross, gammafunk_temple_overflow_arena, minivault_19
D:3:      layout_rooms, ebering_ghost_sewer_f
D:4:      layout_rooms, elyvilon_altar_3, temple_pool_b, serial_shops,
          nicolae_shop_stone, nicolae_shop_statue_plus, uniq_blork_the_orc
D:5:      layout_loops_cross, minitemple, serial_shops, shop,
          nicolae_gozag_zags_fifth_avenue, uniq_ijyb
D:6:      layout_basic, serial_undead, serial_undead_b, serial_undead_e,
          serial_undead_c, serial_undead_b, minmay_chambers_of_fives
D:7:      layout_loops_ring, eat_drink_and_be_merry_uskayaw, enter_bailey_3
D:8:      layout_basic, serial_shops, kennysheep_mini_moat, shop, shop, shop,
          uniq_joseph
D:9:      layout_basic, lair_entry_dummy
D:10:     layout_stronghold, basic_altar, palyth_stone_intersect
D:11:     layout_roguey, nicolae_trove_entry_columns, serial_shops,
          nicolae_shop_behind_doors
D:12:     layout_roguey, david_orc_2, serial_shops, nicolae_shop_trees,
          shop_scrolls, nicolae_shop_behind_doors, shop,
          hangedman_decor_riveting
D:13:     layout_gridville, serial_shops, nicolae_shop_stone,
          kennysheep_windowed_goal
Temple:   nicolae_temple_great_sept

Skill      XL: |  1  2  3  4  5  6  7  8  9 10 11 12 |
---------------+-------------------------------------+-----
Conjurations   | 5 6 7 8 9 |  9.3
Shields        | 1 2 3 4 |  4.0
Spellcasting   | 3 4 5 7 9 |  9.0
Translocations | 1 2 |  2.3
Air Magic      | 2 5 7 10 14 15 | 15.8
Staves         | 3 6 |  6.0
Dodging        | 2 |  2.3
Fighting       | 1 |  1.5
Stealth        | |  1.9

Action                   |  1- 3 |  4- 6 |  7- 9 | 10-12 || total
-------------------------+-------+-------+-------+-------++-------
Melee: Unarmed           |    28 |    11 |     1 |       ||    40
       Tailslap          |     5 |       |     8 |     9 ||    22
       Quarterstaff      |       |       |   105 |    40 ||   145
       Staff             |       |       |       |    46 ||    46
Throw: Dart              |       |       |       |    10 ||    10
 Cast: Magic Dart        |    53 |     9 |    57 |    72 ||   191
       Searing Ray       |     8 |    19 |    73 |   120 ||   220
       Iskenderun's Myst |       |     2 |     8 |    99 ||   109
 Abil: Breathe Lightning |       |       |     3 |     3 ||     6
Evoke: Wand              |       |       |       |     7 ||     7
  Use: Scroll            |     9 |       |    14 |     3 ||    26
       Potion            |     2 |     5 |     7 |     3 ||    17
Armor: Skin              |     9 |    25 |    59 |    88 ||   181
Dodge: Dodged            |    21 |    15 |   147 |   158 ||   341
Block: Buckler           |       |       |       |    20 ||    20
